Map: Eternal Empire LE

Players

Seismic

  • Race: Zerg Zerg
  • League: Gold
  • Spawn Location: 1:00

A.I. 1 (Hard) - Winner!

  • Race: Terran Terran
  • Spawn Location: 7:00

VOD

Have the link to the VOD?

Description

Time

  • Played on: March 21, 2020, 9:13 a.m.
  • Length: 6:19
Show
View Real Time Build Order
Export as new Build Order

Seismic Zerg 

Build Orders: Hatch First 

Get SALT Encoding   

  12  0:01  Drone  
  13  0:13  Overlord  
  13  0:17  Drone  
  14  0:31  Drone x2  
  14  0:35  Drone  
  17  0:55  Hatchery  
  16  0:57  Drone  
  16  1:02  Extractor  
  16  1:03  Drone  
  17  1:18  Spawning Pool  
  17  1:21  Drone  
  17  1:28  Drone  
  17  1:31  Drone  
  19  1:41  Overlord  
  19  2:09  Queen x2  
  19  2:11  Zergling x4  
  19  2:12  Drone  
  19  2:13  Drone  
  27  2:21  Metabolic Boost  
  27  2:27  Drone  
  28  2:46  Hatchery  
  28  2:47  Pneumatized Carapace  
  27  2:55  Drone x2  
  29  3:00  Overlord  
  29  3:10  Drone  
  29  3:11  Overlord  
  29  3:12  Drone  
  31  3:15  Drone  
  32  3:23  Queen  
  32  3:26  Drone  
  35  3:28  Drone  
  35  3:30  Drone  
  35  3:32  Drone  
  38  3:35  Drone  
  38  3:38  Drone  
  40  3:52  Drone x3  
  40  3:53  Drone x2  
  40  3:54  Drone x2  
  47  4:01  Baneling Nest  
  46  4:22  Zergling x4  
  46  4:23  Zergling x8  
  52  4:41  Drone x3  
  52  4:42  Drone x3  
  52  4:44  Overlord  
  58  5:10  Queen  
  58  5:14  Drone x6  
  66  5:22  Overlord  
  66  5:23  Overlord  
  66  5:44  Drone  
  66  5:45  Drone x3  
  66  5:46  Drone x2  
  66  5:47  Drone x5  
  77  5:54  Zergling x10  
  80  6:01  Zergling x8  
Show
View Real Time Build Order
Export as new Build Order

A.I. 1 (Hard) Terran - Winner!

Build Orders:  

Get SALT Encoding   

  12  0:00  SCV  
  13  0:13  SCV  
  14  0:19  Supply Depot  
  14  0:25  SCV  
  15  0:40  SCV  
  16  0:43  Barracks  
  16  0:48  Refinery  
  16  0:52  SCV  
  17  1:05  SCV  
  18  1:17  SCV  
  19  1:20  Supply Depot  
  19  1:29  SCV, Marine  
  21  1:40  Barracks  
  21  1:42  Orbital Command  
  21  1:49  Refinery, Barracks Tech Lab  
  21  2:06  Marine, Supply Depot  
  22  2:24  Marine  
  22  2:26  Marine  
  24  2:42  Marine  
  25  2:44  Marine  
  25  2:46  Supply Depot  
  26  2:53  SCV  
  27  3:00  Marauder  
  27  3:02  Marine  
  27  3:04  Engineering Bay  
  27  3:05  SCV  
  31  3:17  SCV  
  32  3:20  Marine  
  32  3:22  Marauder  
  32  3:23  Supply Depot  
  35  3:29  SCV  
  36  3:38  Marine  
  37  3:41  SCV  
  37  3:43  Marauder  
  40  3:53  SCV  
  41  4:05  Marauder  
  43  5:06  Barracks Tech Lab  
  44  5:07  Reaper, Factory  
  44  5:10  Factory  
  44  5:13  Missile Turret  
  44  5:15  Missile Turret  
  44  5:25  Marauder  
  46  5:29  Supply Depot  
  46  5:34  Bunker  
  46  5:39  Command Center, Marauder  
  48  5:46  Reaper  
  49  5:51  Factory Tech Lab  
  49  5:53  Starport  
  49  5:56  Factory Tech Lab, Starport  
  49  6:00  Marine  
Tags
 
League
Gold
Matchup
TvZ
Spawn Locations
Cross Positions
Add a new tag
Caveats
  • Supply blocks, unpowered buildings, or Contaminate may cause inaccurate times.
  • Supply counts are checked every 10 seconds.